 Dungeon Crawl Stone Soup version 0.30-a0-595-g91969c0fa5 (webtiles) character file.

Game seed: 9978093127404803074

1192 Leeroy the Martial Artist (level 8, 0/48 HPs)
             Began as an Octopode Transmuter on Jan 6, 2023.
             Slain by Duvessa
             ... wielding a +0 short sword
              (20 damage)
             ... on level 5 of the Dungeon.
             The game lasted 00:08:28 (5260 turns).

Leeroy the Martial Artist (Octopode Transmuter)     Turns: 5260, Time: 00:08:28

Health: 0/48       AC:  2    Str: 10    XL:     8   Next: 43%
Magic:  9/11       EV: 19    Int: 17    God:
Gold:   339        SH:  0    Dex: 17    Spells: 7/11 levels left

rFire   . . .      SeeInvis .      - Unarmed
rCold   . . .      Faith    .    (shield currently unavailable)
rNeg    . . .      Spirit   .    (helmet currently unavailable)
rPois   x          Reflect  .    F - amulet of regeneration
rElec   .          Harm     .    (no ring)
rCorr   .          Rampage  .    (no ring)
Will    .....                    (no ring)
Stlth   +                        (no ring)
HPRegen 1.08/turn                (no ring)
MPRegen 0.12/turn                (no ring)
                                 (no ring)
                                 (no ring)

@: lit by a corona, spider-form (expiring), glowing
A: venomous fangs, almost no armour, (amphibious), 8 rings, tiny, (camouflage
1), (gelatinous body 1), (nimble swimmer 1), (tentacles)
a: End Transformation


You were on level 5 of the Dungeon.
You were a venomous arachnid creature.
You visited 1 branch of the dungeon, and saw 6 of its levels.

You collected 339 gold pieces.

Inventory:

Hand Weapons
 j - a +2 whip of draining
 y - a +4 quarterstaff of chaos
 z - a +0 hammer
 G - the +8 spear of the Orcish Mines {distort, rElec}
   (You found it on level 5 of the Dungeon)

   rElec:     It insulates you from electricity.
Missiles
 a - 5 throwing nets
 B - 2 poisoned darts
Jewellery
 A - an amulet of magic regeneration
 F - an amulet of regeneration (around neck)
Wands
 p - a wand of charming (8)
 x - a wand of light (7)
 C - a wand of flame (15)
Scrolls
 c - 2 scrolls of enchant armour
 i - a scroll of fog {unknown}
 m - a scroll of vulnerability {unknown}
 n - a scroll of blinking {unknown}
 o - a scroll of silence {unknown}
 r - a scroll of identify
 s - 2 scrolls of torment {unknown}
 t - a scroll of teleportation {unknown}
 u - a scroll of amnesia {unknown}
 D - a scroll of fear {unknown}
 E - a scroll of butterflies {unknown}
 H - a scroll of magic mapping {unknown}
Potions
 b - 3 potions of attraction
 d - 5 potions of curing
 e - a potion of ambrosia
 f - a potion of flight {unknown}
 g - 3 potions of brilliance {unknown}
 h - 2 potions of degeneration {unknown}
 k - a potion of heal wounds {unknown}
 l - a potion of magic {unknown}
 q - a potion of cancellation {unknown}
 v - a potion of mutation {unknown}
 w - a potion of might {unknown}


   Skills:
 - Level 1.0 Fighting
 - Level 2.0 Dodging
 + Level 9.3 Unarmed Combat
 - Level 2.0 Spellcasting
 * Level 4.6 Transmutations
 - Level 0.5 Poison Magic


You had 7 spell levels left.
You knew the following spells:

 Your Spells              Type           Power      Damage    Failure   Level
a - Beastly Appendage     Tmut           34%        N/A       11%         1
b - Spider Form           Tmut/Pois      10%        N/A       41%         3

Your spell library contained the following spells:

 Spells                   Type           Power      Damage    Failure   Level
 Wereblood                Tmut           17%        N/A       13%         2
 Static Discharge         Conj/Air       2%         2-3/arc   50%         2
 Call Canine Familiar     Summ           1%         N/A       71%         3
 Portal Projectile        Hex/Tloc       2%         N/A       71%         3
 Summon Guardian Golem    Hex/Summ       1%         N/A       71%         3
 Vhi's Electric Charge    Tloc/Air       2%         N/A       71%         3
 Ice Form                 Ice/Tmut       9%         N/A       78%         4
 Leda's Liquefaction      Hex/Erth       0%         N/A       96%         4
 Arcjolt                  Conj/Air       0%         1d10      100%        5
 Lightning Bolt           Conj/Air       0%         1d11      100%        5
 Orb of Destruction       Conj           0%         9d5       100%        7
 Spellforged Servitor     Conj/Summ      0%         N/A       100%        7


Dungeon Overview and Level Annotations

Branches:
Dungeon (6/15)
 Temple: D:4-7

Altars:
Makhleb
Sif Muna
The Shining One

Shops:
D:2 :

Annotations:
D:4 1 transporter, funaii's ghost, amateur MiBe
D:5 2 transporters, Duvessa
D:6 Edmund


Innate Abilities, Weirdness & Mutations

You are a venomous arachnid creature.
You have poisonous fangs.
You are tiny and dextrous.
Your spellcasting is less reliable in this form.
Your armour is entirely melded.
You are incapable of wielding weapons or throwing items.
You cannot wear most types of armour.
((You are amphibious.))
You can wear up to eight rings at the same time.
((Your skin changes colour to match your surroundings (Stealth+).))
((Your rubbery body absorbs attacks. (AC +1, EV +1)))
((You are camouflaged when in or above water. (Stealth+)))
((You have tentacles for arms and can constrict up to eight enemies at once.))


Message History

Dowan shouts!
You closely miss Dowan. You barely miss Dowan. Dowan casts a spell at you.
You are outlined in light.
Edmund the Younger comes into view.
He is wielding a +1 flail of draining.
You hit Dowan.
Dowan is poisoned.
Dowan is moderately wounded.
Dowan closely misses you.
You hit Dowan.
Dowan is heavily wounded.
Dowan misses you.
You hit Dowan but do no damage.
Dowan looks as sick as possible!
Dowan is heavily wounded.
Dowan hits you with a +0 dagger.
You bite Dowan!
You kill Dowan!
Duvessa screams, "No!
How DARE you!"
Duvessa goes berserk!
Duvessa misses you.
You climb upwards.
Level annotation: 2 transporters
There is a stone staircase leading down here.
You hit Duvessa.
Duvessa is poisoned.
Duvessa is lightly wounded.
Duvessa hits you with a +0 short sword! Duvessa closely misses you.
You bite Duvessa!
Duvessa is moderately wounded.
Your transformation is almost over.
Duvessa misses you.
You barely miss Duvessa.
Duvessa is moderately wounded.
Duvessa hits you with a +0 short sword.
You barely miss Duvessa.
Duvessa is moderately wounded.
Duvessa hits you with a +0 short sword!
You bite Duvessa!
Duvessa looks as sick as possible!
Duvessa is heavily wounded.
Duvessa hits you with a +0 short sword!!
You die...

.#≈~~~~~~~~~~≈≈~~~~~~~~~~~~≈≈#.#
.#≈~~~~~~~~~~~≈~~~))~≈≈~~≈~≈~#.#
.##..............)..........##.#
.####################'########.#
.##8.###8.###8.###8.#........#.##
.##..............)..'........#..#
.##.##########################...
...............### #.........
.############...s# #.#####..# .#
#....####.##e### #.# #.##
.####....#...[.....#####.#####.##
.........#.........'...#........#
.........#.###.###.###.########.#
.........#.# ♣.♣ #.#.............
.........#.#♣♣.♣♣#.#.#.#######.##
..........)..........#.# #..##
..........##♣♣.♣♣#####.# #.###


You could see Duvessa (berserk, extremely poisoned).

Vanquished Creatures
  Eustachio (D:5)
  A black bear (D:5)
  An ogre (D:5)
  A phantom (D:5)
  Blork the orc (D:5)
  3 scorpions
  Dowan (D:6)
  4 hounds (D:5)
  An orc priest (D:5)
  Crazy Yiuf (D:2)
  2 orc wizards (D:5)
  2 iguanas
  Robin (D:3)
  8 gnolls
  4 adders
  An ufetubus (D:5)
  A worm (D:2)
  A dart slug (D:4)
  5 orcs
  5 endoplasms
  5 giant cockroaches
  19 goblins
  7 hobgoblins (D:3)
  6 jackals
  7 quokkas
  7 ball pythons
  3 bats (D:3)
  A frilled lizard (D:1)
  4 kobolds
  3 rats
107 creatures vanquished.

Notes
Turn   | Place    | Note
-------+----------+-------------------------------------------
     0 | D:1      | Leeroy the Octopode Transmuter began the quest for the Orb.
     0 | D:1      | Reached XP level 1. HP: 13/13 MP: 3/3
   350 | D:1      | Reached XP level 2. HP: 7/18 MP: 5/5
   518 | D:2      | Noticed a scorpion
   666 | D:3      | Reached skill level 4 in Unarmed Combat
   666 | D:3      | Reached XP level 3. HP: 6/23 MP: 4/6
   675 | D:3      | Reached XP level 4. HP: 10/28 MP: 5/7
   970 | D:3      | Noticed Robin
  1003 | D:3      | Killed Robin
  1014 | D:3      | Reached skill level 5 in Unarmed Combat
  1153 | D:3      | Learned a level 3 spell: Spider Form
  1190 | D:3      | Found a faded altar of an unknown god.
  1295 | D:3      | Reached XP level 5. HP: 23/33 MP: 8/8
  2134 | D:4      | Found a transporter.
  2156 | D:4      | Noticed funaii's ghost (amateur MiBe)
  2157 | D:4      | Noticed an ogre
  2158 | D:4      | Noticed an ogre
  2188 | D:4      | Reached skill level 6 in Unarmed Combat
  2399 | D:4      | Reached XP level 6. HP: 38/38 MP: 9/9
  2479 | D:4      | Found a shimmering blue altar of Sif Muna.
  3152 | D:2      | Found a runed translucent door.
  3153 | D:2      | Noticed Crazy Yiuf
  3258 | D:2      | Found Boygivvo's Book Boutique.
  3454 | D:2      | Killed Crazy Yiuf
  3750 | D:5      | Entered Level 5 of the Dungeon
  3761 | D:5      | Reached skill level 7 in Unarmed Combat
  3761 | D:5      | Reached XP level 7. HP: 27/43 MP: 6/10
  3964 | D:5      | Noticed Eustachio
  3984 | D:5      | HP: 2/43 [ufetubus[Eustachio] (3)]
  3985 | D:5      | Killed Eustachio
  3986 | D:5      | Reached skill level 8 in Unarmed Combat
  4295 | D:5      | Noticed Blork the orc
  4309 | D:5      | Killed Blork the orc
  4436 | D:5      | Found a glowing golden altar of the Shining One.
  4436 | D:5      | Found a burning altar of Makhleb.
  4443 | D:5      | Found a transporter.
  4510 | D:5      | Reached XP level 8. HP: 30/48 MP: 11/11
  4790 | D:5      | Reached skill level 9 in Unarmed Combat
  4819 | D:5      | Identified the +8 spear of the Orcish Mines {distort,
                  | rElec}
  4998 | D:5      | Found a transporter.
  5246 | D:6      | Noticed Duvessa
  5246 | D:6      | Noticed Dowan
  5249 | D:6      | Noticed Edmund
  5253 | D:6      | Killed Dowan
  5260 | D:5      | Slain by Duvessa

Illustrated notes

Levels and vault maps discovered:
D:1:      tarquinn_simple_flora_water_a, layout_rooms, chequers_mini_garden
D:2:      layout_rooms, serial_shops, nicolae_shop_hallway_plus,
          minmay_statues_item, uniq_crazy_yiuf_cottage
D:3:      kennysheep_goblin_castle, layout_loops_ring,
          ebering_ecumenical_altar_ruins
D:4:      layout_cave_pods, kennysheep_mini_moat, gammafunk_ghost_smash
D:5:      wad_river_or_something, layout_basic, gammafunk_temple_overflow_arena,
          minmay_misc_feat_tower, minmay_tree_intersection, uniq_blork_the_orc,
          uniq_eustachio
D:6:      layout_basic, minmay_temple_entry_statues_pillars,
          minmay_shop_enchanted_jewellery, uniq_pikel, uniq_duvessa, uniq_edmund

Skill      XL: |  1  2  3  4  5  6  7  8 |
---------------+-------------------------+-----
Unarmed Combat | 4 5 6 7 8 9 |  9.3
Transmutations | 3 4 |  4.6
Fighting       | |  1.0
Dodging        | |  2.0
Spellcasting   | |  2.0
Poison Magic   | |  0.5

Action                   |  1- 3 |  4- 6 |  7- 9 || total
-------------------------+-------+-------+-------++-------
Melee: Unarmed           |    53 |   143 |    99 ||   295
       Constrict         |    10 |    39 |    11 ||    60
       Tentacles         |     8 |    29 |    17 ||    54
       Punch             |     2 |     2 |     4 ||     8
       Kick              |     1 |    17 |       ||    18
 Cast: Beastly Appendage |     2 |     6 |       ||     8
       Spider Form       |       |     2 |     5 ||     7
  Use: Potion            |     2 |     1 |     1 ||     4
       Scroll            |       |     3 |       ||     3
 Stab: Sleeping          |     6 |     6 |     2 ||    14
Armor: Skin              |     6 |     3 |     6 ||    15
Dodge: Dodged            |    22 |    92 |    75 ||   189

Table legend: (Time is in decaauts)
 A = Elapsed time spent in this place.
 B = Non-inter-level travel time spent in this place.
 C = Inter-level travel time spent in this place.
 D = Time resting spent in this place.
 E = Time spent auto-exploring this place.
 F = Levels seen in this place.
 G = Mean time per level.
                   A        B        C        D        E       F      G
               +--------+--------+--------+--------+--------+-----+--------+
         Total |   5228 |   4873 |    355 |    366 |   3745 |   6 |  871.3 |
       Dungeon |   5228 |   4873 |    355 |    366 |   3745 |   6 |  871.3 |
               +--------+--------+--------+--------+--------+-----+--------+

Top non-repeatable levels by time:
     D:5: 1485 daAuts
     D:3: 1286 daAuts
     D:4: 1051 daAuts
     D:2: 940 daAuts
     D:1: 456 daAuts
     D:6: 7 daAuts
